 Dungeon Crawl Stone Soup version 0.27-a0-1147-gb3d8e82157 (webtiles) character file.

Game seed: 6725787036063854234

17 freelancePsychic the Magician (level 2, -1/23 HPs)
             Began as a Gnoll Wanderer on May 11, 2021.
             Slain by a kobold
             ... wielding a +0 vampiric whip
              (5 damage)
             ... on level 1 of the Dungeon.
             The game lasted 00:01:50 (1133 turns).

freelancePsychic the Magician (Gnoll Wanderer)      Turns: 1133, Time: 00:01:51

Health: -1/23      AC:  4    Str: 12    XL:     2   Next: 62%
Magic:  7/7        EV: 11    Int: 10    God:
Gold:   18         SH:  0    Dex: 11    Spells: 10/10 levels left

rFire    . . .     SeeInvis .   a - +0 club
rCold    . . .     Faith    .   (no shield)
rNeg     . . .     Spirit   .   b - +0 leather armour
rPois    .         Reflect  .   (no helmet)
rElec    .         Harm     .   e - +0 cloak
rCorr    .         Rampage  .   (no gloves)
Will     .....                  (no boots)
Stlth    ++........             (no amulet)
HPRegen  0.07/turn              (no ring)
MPRegen  0.10/turn              (no ring)

@: no status effects
A: fangs 1, strong nose, distributed training
a: no special abilities


You were on level 1 of the Dungeon.
You visited 1 branch of the dungeon, and saw 1 of its levels.

You collected 18 gold pieces.

Inventory:

Hand Weapons
 a - a +0 club (weapon)
Armour
 b - a +0 leather armour (worn)
 d - a +0 robe
 e - a +0 cloak (worn)
Potions
 c - 2 potions of curing {@q1}


   Skills:
 + Level 2.5 Fighting
 + Level 0.5 Short Blades
 + Level 0.5 Long Blades
 + Level 0.5 Axes
 + Level 2.5 Maces & Flails
 + Level 0.5 Polearms
 + Level 0.5 Staves
 + Level 0.5 Slings
 + Level 0.5 Bows
 + Level 0.5 Crossbows
 + Level 0.5 Throwing
 + Level 2.5 Armour
 + Level 0.5 Dodging
 + Level 2.3 Stealth
 + Level 0.5 Shields
 + Level 0.5 Unarmed Combat
 + Level 4.9 Spellcasting
 + Level 3.7 Conjurations
 + Level 0.3 Hexes
 + Level 0.3 Summonings
 + Level 2.0 Necromancy
 + Level 0.3 Translocations
 + Level 0.3 Transmutations
 + Level 0.3 Fire Magic
 + Level 0.3 Ice Magic
 + Level 0.3 Air Magic
 + Level 0.3 Earth Magic
 + Level 0.3 Poison Magic
 + Level 0.6 Invocations
 + Level 2.5 Evocations


You had 10 spell levels left.
You didn't know any spells.
Your spell library contained the following spells:

 Spells                   Type           Power      Damage    Failure   Level
 Magic Dart               Conj           36%        1d4       6%          1
 Foxfire                  Conj/Fire      24%        2x1d5     13%         1
 Shock                    Conj/Air       24%        1d4       13%         1
 Blink                    Tloc           N/A        N/A       36%         2
 Call Imp                 Summ           3%         N/A       36%         2
 Slow                     Hex            3%         N/A       36%         2
 Conjure Flame            Conj/Fire      6%         6-21      36%         3
 Stone Arrow              Conj/Erth      12%        3d7       36%         3
 Mephitic Cloud           Conj/Pois/Air  5%         N/A       43%         3


Dungeon Overview and Level Annotations

Branches:
Dungeon (1/15)

Altars:


Innate Abilities, Weirdness & Mutations

You have very sharp teeth.
Your uncanny sense of smell can sniff out nearby items.
Your experience applies equally to all skills.


Message History

The hobgoblin barely misses you.
You hit the hobgoblin.
You bite the hobgoblin, but do no damage.
The hobgoblin is severely wounded.
The jackal closely misses you. The jackal bites you.
* * * LOW HITPOINT WARNING * * *
The hobgoblin barely misses you.
You barely miss the hobgoblin.
The hobgoblin is severely wounded.
The jackal closely misses you.
The hobgoblin hits you but does no damage.
The jackal barely misses you.
You hit the hobgoblin.
You kill the hobgoblin!
The jackal bites you but does no damage.
The jackal closely misses you.
You see here a hobgoblin corpse.
You hit the jackal but do no damage. You bite the jackal.
The jackal is severely wounded.
The jackal bites you but does no damage.
You hit the jackal.
You kill the jackal!
The kobold throws a stone.
The stone hits you but does no damage.
A hobgoblin comes into view.
The hobgoblin moves out of view.
The kobold throws a stone.
The stone barely misses you.
The kobold throws a stone.
The stone hits you but does no damage.
The kobold throws a stone.
The stone hits you but does no damage.
The kobold throws a stone.
The stone barely misses you.
The kobold throws a stone.
The stone hits you but does no damage.
The kobold throws a stone.
The stone hits you.
* * * LOW HITPOINT WARNING * * *
You start resting.
A kobold is nearby!
The kobold throws a stone.
The stone barely misses you.
The kobold hits you with a +0 vampiric whip.
* * * LOW HITPOINT WARNING * * *
You barely miss the kobold.
The kobold hits you with a +0 vampiric whip.
You die...

#.#######........#
#..# #.
#...)......##.##.#
#.## #.
##########÷##.##.#
#.# #. #.......#
#K# #† ####.####
#.# #. ####.#
#g####. #....#
#...K.. #K####
########. #@# #..
.... #.# #.# #.##
#.# #.# #.#
#.########.# #.#
#..........####.#
#####.....))....##
#.####.####... #.#
#.# #.## ##.####.#
#.#


You could see a kobold.

Vanquished Creatures
  2 ball pythons (D:1)
  A bat (D:1)
  A goblin (D:1)
  A hobgoblin (D:1)
  3 jackals (D:1)
  3 kobolds (D:1)
  A quokka (D:1)
  2 frilled lizards (D:1)
14 creatures vanquished.

Notes
Turn   | Place    | Note
-------+----------+-------------------------------------------
     0 | D:1      | freelancePsychic the Gnoll Wanderer began the quest for the
                  | Orb.
     0 | D:1      | freelancePsychic set off with the following items: a +0
                  | club, a +0 robe; and the following spells available to
                  | memorise: Magic Dart, Foxfire, Shock, Conjure Flame, Stone
                  | Arrow, Blink, Call Imp, Slow, Mephitic Cloud
     0 | D:1      | Reached XP level 1. HP: 17/17 MP: 6/6
   697 | D:1      | Reached XP level 2. HP: 12/23 MP: 7/7
  1133 | D:1      | Slain by a kobold

Illustrated notes

Levels and vault maps discovered:
D:1:      dpeg_arrival_round_b, layout_loops_ring

Skill      XL: |  1 |
---------------+----+-----
Necromancy     | 2 |  2.0
Fighting       | |  2.5
Short Blades   | |  0.5
Long Blades    | |  0.5
Axes           | |  0.5
Maces & Flails | |  2.5
Polearms       | |  0.5
Staves         | |  0.5
Slings         | |  0.5
Bows           | |  0.5
Crossbows      | |  0.5
Throwing       | |  0.5
Armour         | |  2.5
Dodging        | |  0.5
Stealth        | |  2.3
Shields        | |  0.5
Unarmed Combat | |  0.5
Spellcasting   | |  4.9
Conjurations   | |  3.7
Hexes          | |  0.3
Summonings     | |  0.3
Translocations | |  0.3
Transmutations | |  0.3
Fire Magic     | |  0.3
Ice Magic      | |  0.3
Air Magic      | |  0.3
Earth Magic    | |  0.3
Poison Magic   | |  0.3
Invocations    | |  0.6
Evocations     | |  2.5

Action                   || total
-------------------------++-------
Melee: Club              ||    89
       Bite              ||    12
  Use: Scroll            ||     1
 Stab: Sleeping          ||     2
Armor: Leather armour    ||    45
       Robe              ||     2
Dodge: Dodged            ||    89

Table legend: (Time is in decaauts)
 A = Elapsed time spent in this place.
 B = Non-inter-level travel time spent in this place.
 C = Inter-level travel time spent in this place.
 D = Time resting spent in this place.
 E = Time spent auto-exploring this place.
 F = Levels seen in this place.
 G = Mean time per level.
                   A        B        C        D        E       F      G
               +--------+--------+--------+--------+--------+-----+--------+
         Total |   1149 |   1149 |      0 |     20 |    881 |   1 | 1149.0 |
       Dungeon |   1149 |   1149 |      0 |     20 |    881 |   1 | 1149.0 |
               +--------+--------+--------+--------+--------+-----+--------+

Top non-repeatable levels by time:
     D:1: 1149 daAuts
